 Dungeon Crawl Stone Soup version 0.20.1-1-g8b1a95d (webtiles) character file.

222 letownia2 the Grave Robber (level 5, -2/42 HPs)
             Began as a Deep Dwarf Necromancer on Dec 27, 2017.
             Killed from afar by Blork the orc (4 damage)
             ... with a magic dart
             ... on level 4 of the Dungeon.
             The game lasted 00:04:25 (1315 turns).

letownia2 the Grave Robber (Deep Dwarf Necromancer) Turns: 1315, Time: 00:04:25

Health: -2/42      AC:  3    Str: 12    XL:     5   Next: 66%
Magic:  0/9        EV: 12    Int: 16    God:
Gold:   77         SH:  0    Dex: 13    Spells: 6/10 levels left

rFire    + . .     SeeInvis .   d - +0 dagger
rCold    + . .     Gourm    .   (no shield)
rNeg     . . .     Faith    .   e - +0 leather armour
rPois    .         Spirit   .   (no helmet)
rElec    .         Reflect  .   h - scarf {rC+ rF+}
rCorr    .         Harm     .   (no gloves)
MR       .....                  (no boots)
Stlth    ++........             (no amulet)
Regen    0.0/turn               (no ring)
MPRegen  0.2/turn               (no ring)

@: non-regenerating
A: damage resistance, heal wounds, sense surroundings 1, no regeneration
a: Heal Wounds


You were on level 4 of the Dungeon.
You were not hungry.

You visited 1 branch of the dungeon, and saw 5 of its levels.

You collected 77 gold pieces.

Inventory:

Hand Weapons
 d - a +0 dagger (weapon)
Missiles
 m - 18 bolts
Armour
 a - a +0 robe
 e - a +0 leather armour (worn)
 h - a scarf of resistance (worn)
Wands
 o - a wand of flame (14/48)
Scrolls
 f - a scroll of teleportation {unknown}
 g - a scroll of remove curse {unknown}
 l - a scroll of noise {unknown}
Potions
 j - a potion of lignification {unknown}
 k - a potion of magic {unknown}
Books
 b - a book of Necromancy

   Spells                             Type                      Level
   a - Pain                           Necromancy                   1
   b - Animate Skeleton               Necromancy                   1
   c - Vampiric Draining              Necromancy                   3
   d - Regeneration                   Charms/Necromancy            3
   e - Animate Dead                   Necromancy                   4
   f - Control Undead                 Necromancy                   4
Comestibles
 c - 2 bread rations
 i - 2 chunks of flesh
 n - 4 fruits


   Skills:
 - Level 2.1 Dodging
 - Level 2.4 Stealth
 + Level 3.3 Spellcasting
 + Level 6.6 Necromancy


You had 6 spell levels left.
You knew the following spells:

 Your Spells              Type           Power        Failure   Level  Hunger
a - Pain                  Necr           ###.         1%          1    None
v - Vampiric Draining     Necr           ###.......   4%          3    ###....


Dungeon Overview and Level Annotations

Branches:
Dungeon (5/15)
 Temple: D:4-7

Altars:
Ru

Annotations:
D:4 Blork the orc


Innate Abilities, Weirdness & Mutations

You are resistant to damage.
You can heal yourself by infusing magical energy.
You passively map a small area around you.
You do not regenerate.


Message History

Casting: Vampiric Draining
Confirm with . or Enter, or press ? or * to list all spells.
Aiming: Pain
Press: ? - help, Shift-Dir - straight line Nothing appears to happen.
Something hits you.
* * * LOW HITPOINT WARNING * * *
Unknown command.
Unknown command.
Unknown command.
You miss something. Something barely misses you.
You hear some strange, mumbled words.
A magic dart appears from out of thin air!
The magic dart hits you!
* * * LOW HITPOINT WARNING * * *
You closely miss something. Something hits you.
* * * LOW HITPOINT WARNING * * *
Unknown command.
A magic dart appears from out of thin air!
The magic dart hits you!
You die...

##.##............##
≈ .#*......!......#
, .. ............#
, , ≈ * .o#
.........>..# ,
,.##,............#
, ≈ ,,..
........<...# , .#
..##........# ,,.
###......# ,*
#....@.# , *
###>...#, , ,
#...## , , #...# **
, ....# * , , * ,,
.....#* * * ......#
, ,.......# *
.......


There were no monsters in sight!

Vanquished Creatures
  2 hounds
  An orc priest (D:5)
  2 iguanas
  A worker ant (D:3)
  4 adders
  An ooze (D:3)
  A worm (D:4)
  A dart slug (D:1)
  An orc (D:5)
  A giant cockroach (D:3)
  2 goblins
  4 frilled lizards
  A kobold (D:2)
  A rat (D:3)
23 creatures vanquished.

Notes
Turn   | Place    | Note
-------+----------+-------------------------------------------
     0 | D:1      | letownia2 the Deep Dwarf Necromancer began the quest for the Orb.
     0 | D:1      | Reached XP level 1. HP: 15/15 MP: 3/3
   178 | D:2      | Reached XP level 2. HP: 22/22 MP: 1/5
   307 | D:2      | Reached skill level 5 in Necromancy
   357 | D:3      | Reached XP level 3. HP: 25/28 MP: 0/6
   366 | D:3      | Learned a level 3 spell: Vampiric Draining
   627 | D:3      | Reached XP level 4. HP: 26/36 MP: 2/7
   718 | D:3      | Reached skill level 6 in Necromancy
   825 | D:4      | Noticed Blork the orc
   835 | D:4      | Found a sacrificial altar of Ru.
   963 | D:4      | Reached XP level 5. HP: 28/42 MP: 3/9
  1031 | D:5      | Entered Level 5 of the Dungeon
  1314 | D:4      | HP: 2/42 [something (4)]
  1315 | D:4      | Killed from afar by Blork the orc

Skill      XL: |  1  2  3  4  5 |
---------------+----------------+-----
Spellcasting   | 2 3 |  3.3
Necromancy     | 5 6 |  6.6
Dodging        | |  2.1
Stealth        | |  2.4

Action                   |  1- 3 |  4- 6 || total
-------------------------+-------+-------++-------
Melee: Dagger            |     2 |    15 ||    17
 Cast: Pain              |    30 |    17 ||    47
       Vampiric Draining |     2 |    13 ||    15
Evoke: Wand              |       |     1 ||     1
 Stab: Sleeping          |     1 |       ||     1
  Eat: Chunk             |       |     3 ||     3
Armor: Leather armour    |     2 |     9 ||    11
Dodge: Dodged            |    10 |    34 ||    44
